 Dungeon Crawl Stone Soup version 0.25.1-2-g60ff931df9 (webtiles) character file.

Game seed: 17920210495524446079

58348 lorenzova the Eclecticist (level 14, -4/68 HPs)
             Began as a Deep Elf Conjurer on Sept 16, 2020.
             Was a High Priest of Vehumet.
             Killed by an exploding ball lightning (11 damage)
             ... created by the player character
             ... on level 2 of the Orcish Mines.
             The game lasted 01:10:10 (29633 turns).

lorenzova the Eclecticist (Deep Elf Conjurer)      Turns: 29633, Time: 01:10:10

Health: -4/68      AC: 14    Str: 12    XL:     14   Next: 49%
Magic:  34/47      EV: 13    Int: 26    God:    Vehumet [*****.]
Gold:   1670       SH:  0    Dex: 15    Spells: 23/50 levels left

rFire    . . .     SeeInvis .   u - staff of air
rCold    + . .     Gourm    .   (no shield)
rNeg     + + +     Faith    .   M - +2 robe {rN+}
rPois    .         Spirit   .   B - +0 hat "Xaavemoc" {+Inv}
rElec    +         Reflect  .   L - +2 cloak {MR+}
rCorr    .         Harm     .   y - +2 pair of gloves
MR       ++...                  v - +3 pair of boots of Shielding {+Inv rN+}
Stlth    +.........             J - amulet of the acrobat
HPRegen  0.21/turn              b - ring of magical power
MPRegen  0.30/turn              w - ring "Cioces" {rC+ rN++ Str+7 Stlth-}

@: no status effects
A: no striking features
a: Renounce Religion, Evoke Invisibility


You were on level 2 of the Orcish Mines.
You worshipped Vehumet.
Vehumet was extremely pleased with you.
You were very hungry.

You visited 4 branches of the dungeon, and saw 20 of its levels.
You also visited: Gauntlet.

You collected 1881 gold pieces.
You spent 211 gold pieces at shops.

Inventory:

Hand Weapons
 n - a +2 vorpal war axe
Armour
 o - a +0 leather armour
 v - the +3 pair of boots of Shielding (worn) {+Inv rN+}
   (You found it in a Gauntlet)

   It protects you from negative energy.
   It lets you turn invisible.
 y - a +2 pair of gloves (worn)
 B - the +0 hat "Xaavemoc" (worn) {+Inv}
   (You found it in a Gauntlet)

   It lets you turn invisible.
 C - the +0 robe "Xoatrun" {rCorr}
   (You found it on level 9 of the Dungeon)

   It provides partial protection from all sources of acid and corrosion.
 I - a +2 robe of magic resistance
 L - a +2 cloak of magic resistance (worn)
 M - a +2 robe of positive energy (worn)
 N - a scarf of invisibility
 O - the +10 tower shield of Ignorance {rN+ Int-4}
   (You found it on level 1 of the Orcish Mines)

   It affects your intelligence (-4).
   It protects you from negative energy.
Magical Staves
 u - an uncursed staff of air (weapon)
 A - an uncursed staff of poison
Jewellery
 b - a ring of magical power (left hand)
 w - the ring "Cioces" (right hand) {rC+ rN++ Str+7 Stlth-}
   (You took it off a minotaur in a Gauntlet)

   [ring of protection from cold]

   It affects your strength (+7).
   It protects you from cold.
   It greatly protects you from negative energy.
   It makes you less stealthy.
 x - an uncursed ring of wizardry
 z - the ring of Eggozi Taosy {rN+ MR+}
   (You found it in a Gauntlet)

   [ring of positive energy]

   It protects you from negative energy.
   It affects your resistance to hostile enchantments.
 J - an amulet of the acrobat (around neck)
Wands
 s - a wand of digging (25)
 t - a wand of flame (22)
 D - a wand of paralysis (12)
 F - a wand of iceblast (9)
 H - a wand of disintegration (48)
Scrolls
 f - a scroll of identify
 h - 2 scrolls of enchant weapon
 j - a scroll of enchant armour
 l - 6 scrolls of remove curse
 p - a scroll of amnesia
 q - 3 scrolls of teleportation
 K - a scroll of brand weapon
Potions
 a - a potion of invisibility
 d - 2 potions of haste
 e - a potion of cancellation
 g - 8 potions of curing
 i - 2 potions of heal wounds
 k - 2 potions of resistance
 m - 4 potions of brilliance
 r - 3 potions of ambrosia
 E - a potion of might
Miscellaneous
 G - a phial of floods
Comestibles
 c - 36 rations


   Skills:
 - Level 2.4 Dodging
 - Level 2.4 Stealth
 * Level 18.5 Spellcasting
 * Level 16.3 Conjurations
 - Level 9.0 Hexes
 + Level 9.4 Charms
 - Level 6.0 Translocations
 + Level 7.2 Fire Magic
 + Level 6.5 Air Magic


You had 23 spell levels left.
You knew the following spells:

 Your Spells              Type           Power        Failure   Level  Hunger
a - Magic Dart            Conj           ####         0%          1    None
b - Conjure Ball Lightni  Conj/Air       #######...   1%          6    ###....
c - Iskenderun's Mystic   Conj/Tloc      ######..     1%          4    None
d - Fulminant Prism       Conj/Hex       ######....   1%          4    None
j - Swiftness             Chrm/Air       #######.     1%          2    None
l - Lightning Bolt        Conj/Air       #######...   1%          5    None
x - Conjure Flame         Conj/Fire      ######..     1%          3    None
z - Searing Ray           Conj           ######       0%          2    None

Your spell library contained the following spells:

 Spells                   Type           Power        Failure   Level  Hunger
 Shock                    Conj/Air       ####         0%          1    None
 Animate Skeleton         Necr           N/A          1%          1    None
 Apportation              Tloc           ######       1%          1    None
 Corona                   Hex            ######.      1%          1    None
 Sandblast                Erth           ###...       1%          1    None
 Summon Small Mammal      Summ           ###.         1%          1    None
 Slow                     Hex            ######..     1%          2    None
 Dazzling Flash           Conj/Hex       ######       1%          3    None
 Portal Projectile        Hex/Tloc       ######       1%          3    None
 Spectral Weapon          Hex/Chrm       ######..     1%          3    None
 Static Discharge         Conj/Air       #######.     1%          3    None
 Stone Arrow              Conj/Erth      ######       1%          3    None
 Tukima's Dance           Hex            ######..     1%          3    None
 Airstrike                Air            ######....   1%          4    None
 Cause Fear               Hex            ######....   1%          4    None
 Silence                  Hex/Air        #######...   2%          5    None
 Yara's Violent Unravell  Hex/Tmut       #####.....   2%          5    None
 Passwall                 Tmut/Erth      ###.....     3%          2    None
 Metabolic Englaciation   Hex/Ice        #####.....   9%          5    None
 Lee's Rapid Deconstruct  Erth           ###.......   14%         5    None
 Petrify                  Tmut/Erth      ###.....     19%         4    None
 Discord                  Hex            ######....   97%         8    ######.


Dungeon Overview and Level Annotations

Branches:
Dungeon (11/15)            Temple (1/1) D:7            Lair (6/6) D:8
  Swamp (0/4) Lair:2       Spider (0/4) Lair:4        Slime (0/5) Lair:6
    Orc (2/2) D:10        Gauntlet (visited)
    Elf: Orc:2

Altars:
Ashenzari
Cheibriados
Dithmenos
Elyvilon
Fedhas
Gozag
Hepliaklqana
Kikubaaqudgha
Makhleb
Okawaru
Qazlal
Ru
Sif Muna
Trog
Uskayaw
Vehumet
Wu Jian
Xom
Yredelemnul
Zin

Shops:
D:4 [   D:6 !   D:7 =   D:8 [   D:10 *

Portals:
Abyss: Lair:1

Annotations:
Lair:1 2 transporters, funkygono's ghost, novice GrEE


Message History

* * * LOW HITPOINT WARNING * * *
The blast of lightning engulfs your ball lightning.
Your ball lightning completely resists.
The blast of lightning engulfs the orc knight!!
The orc knight is moderately wounded.
The blast of lightning engulfs your ball lightning.
Your ball lightning completely resists.
Your ball lightning explodes!
The blast of lightning engulfs the orc knight!
You kill the orc knight!
Vehumet accepts your kill.
You feel your power returning. The blast of lightning engulfs you! You resist.
* * * LOW HITPOINT WARNING * * *
The blast of lightning engulfs the orc knight!!
The orc knight is almost dead.
The blast of lightning engulfs your ball lightning.
Your ball lightning completely resists.
Your ball lightning explodes!
The blast of lightning engulfs you! You resist.
You die...

....[)[
.......####
...o..[...## .
.c...[((...# ...
....)())...#....
....##o[<.......
. #))[.......
#.().......
##@.......#
###...(.##
....## .#..#
##.## #


You could see an orc knight.

Vanquished Creatures
  Gastronok (Lair:2)
  A minotaur (Gauntlet)
  A fire dragon (Lair:6)
  Snorg (Orc:1)
  An ice dragon (Lair:6)
  5 hydras
  2 catoblepae
  5 two-headed ogres
  An unseen horror (D:11)
  4 orange crystal statues (Orc:1)
  A swamp dragon (Lair:6)
  An orc knight (Orc:2)
  3 lindwurms (Lair:6)
  A necromancer (Lair:5)
  An ugly thing (D:11)
  An orb spider (Lair:4)
  3 elephants (Lair:6)
  A centaur zombie (D:10)
  5 black mambas
  6 torpor snails
  2 gargoyles (D:11)
  An eye of devastation (Gauntlet)
  Maggie (D:6)
  3 centaur skeletons
  10 spiny frogs
  3 rime drakes
  8 komodo dragons
  A yaktaur (D:10)
  2 trolls
  3 meliai (Gauntlet)
  3 tyrant leeches (Lair:6)
  7 hornets
  A queen bee (D:9)
  A polar bear (Lair:6)
  2 bog bodies (Lair:2)
  11 blink frogs
  8 hippogriffs
  4 wyverns
  34 yaks
  A golden eye (Gauntlet)
  3 basilisks (Lair:6)
  A hungry ghost (D:8)
  5 steam dragons
  2 wargs
  7 water moccasins
  9 porcupines
  3 swamp drakes
  15 orc warriors
  4 black bears
  5 phantoms
  5 sky beasts
  4 ice beasts
  4 necrophages
  An eye of draining (D:10)
  20 centaurs
  9 ogres
  10 crocodiles
  A big kobold (D:11)
  9 bullfrogs
  2 water moccasin skeletons
  4 scorpions
  16 killer bees (D:9)
  5 wights (D:10)
  5 electric eels
  2 crimson imps
  8 howler monkeys
  A bullfrog zombie (D:10)
  8 jellies
  8 orc priests
  4 bullfrog skeletons
  6 hounds
  An iron imp (D:6)
  12 orc wizards
  5 iguanas
  4 polar bear simulacra (Lair:5)
  11 worker ants
  2 yak simulacra (Lair:5)
  A wolf simulacrum (Lair:5)
  A hound skeleton (D:5)
  2 worker ant zombies
  4 gnolls (D:4)
  7 adders
  3 shadow imps
  An ooze (D:7)
  An adder zombie (D:9)
  3 worms
  2 dart slugs
  3 leopard geckos
  49 orcs
  A ball python (D:2)
  2 bats (D:2)
  3 giant cockroaches
  8 goblins
  4 hobgoblins
  10 jackals
  9 kobolds
  2 quokkas
  6 frilled lizards
  A jackal skeleton (D:6)
  A leopard gecko skeleton (D:5)
  A quokka skeleton (D:6)
  8 rats
  4 river rat simulacra (Lair:5)
  6 plants (Lair:6)
515 creatures vanquished.

Vanquished Creatures (collateral kills)
  2 ball lightnings (Lair:6)
2 creatures vanquished.

Vanquished Creatures (others)
  101 ball lightnings
  A hippogriff (Lair:6)
  99 fulminant prisms
  8 fungi
  36 plants
245 creatures vanquished.

Grand Total: 762 creatures vanquished

Notes
Turn   | Place    | Note
-------+----------+-------------------------------------------
     0 | D:1      | lorenzova the Deep Elf Conjurer began the quest for the
                  | Orb.
     0 | D:1      | Reached XP level 1. HP: 10/10 MP: 6/6
   116 | D:1      | Reached XP level 2. HP: 15/15 MP: 0/8
   121 | D:1      | Learned a level 2 spell: Searing Ray
   963 | D:1      | Reached skill level 4 in Spellcasting
  1373 | D:2      | Reached skill level 5 in Conjurations
  1373 | D:2      | Reached XP level 3. HP: 19/19 MP: 7/10
  1661 | D:2      | Found an ornate altar of the Wu Jian Council.
  3080 | D:3      | Reached XP level 4. HP: 24/24 MP: 9/12
  3295 | D:4      | Reached skill level 5 in Spellcasting
  3410 | D:4      | Found Xiufuty's Antique Armour Shoppe.
  3505 | D:4      | Noticed a phantom
  3510 | D:4      | Killed a phantom
  3510 | D:4      | Reached skill level 6 in Spellcasting
  3510 | D:4      | Reached XP level 5. HP: 28/28 MP: 7/15
  3685 | D:4      | Found a basalt altar of Yredelemnul.
  3690 | D:4      | Reached XP level 6. HP: 32/32 MP: 10/17
  4014 | D:4      | Reached skill level 7 in Spellcasting
  4263 | D:5      | Entered Level 5 of the Dungeon
  4536 | D:5      | Noticed an ice beast
  4544 | D:5      | Killed an ice beast
  4544 | D:5      | Reached XP level 7. HP: 26/36 MP: 6/20
  5183 | D:6      | Reached skill level 8 in Spellcasting
  5217 | D:6      | Found a blossoming altar of Fedhas.
  6073 | D:6      | Found Qajohac's Distillery.
  6078 | D:6      | Bought a potion of heal wounds for 60 gold pieces
  6078 | D:6      | Bought a potion of heal wounds for 60 gold pieces
  6119 | D:6      | Reached skill level 9 in Spellcasting
  6231 | D:6      | Reached XP level 8. HP: 41/41 MP: 19/23
  6343 | D:6      | Found a snail-covered altar of Cheibriados.
  6388 | D:6      | Noticed Maggie
  6399 | D:6      | Learned a level 4 spell: Fulminant Prism
  6404 | D:6      | Learned a level 4 spell: Iskenderun's Mystic Blast
  6414 | D:6      | Killed Maggie
  6414 | D:6      | Reached skill level 1 in Hexes
  6414 | D:6      | Reached skill level 1 in Translocations
  6655 | D:7      | Found an ancient bone altar of Kikubaaqudgha.
  6912 | D:7      | Noticed a hippogriff
  6920 | D:7      | Killed a hippogriff
  6920 | D:7      | Reached skill level 10 in Spellcasting
  7298 | D:7      | Reached XP level 9. HP: 45/45 MP: 17/25
  7345 | D:7      | Found a staircase to the Ecumenical Temple.
  7354 | Temple   | Entered the Ecumenical Temple
  7388 | Temple   | Became a worshipper of Vehumet
  7438 | D:7      | Found Jijoss's Jewellery Boutique.
  7509 | D:7      | Found a glowing silver altar of Zin.
  7582 | D:7      | Found a shimmering altar of Xom.
  8016 | D:8      | Reached skill level 11 in Spellcasting
  8016 | D:8      | Reached skill level 10 in Conjurations
  8327 | D:8      | Reached * piety under Vehumet
  8327 | D:8      | Offered knowledge of Sandblast by Vehumet.
  8691 | D:8      | Reached skill level 5 in Hexes
  8825 | D:8      | Noticed a komodo dragon
  8838 | D:8      | Killed a komodo dragon
  8867 | D:8      | Reached skill level 12 in Spellcasting
  9006 | D:8      | Reached XP level 10. HP: 50/50 MP: 25/28
  9032 | D:8      | Found a staircase to the Lair.
  9500 | D:8      | Found an iron altar of Okawaru.
  9608 | D:8      | Found Vyrgh's Antique Armour Boutique.
  9632 | D:8      | Found an opulent altar of Gozag.
  9635 | D:8      | Found a bloodstained altar of Trog.
  9638 | D:8      | Found a sacrificial altar of Ru.
  9641 | D:8      | Found a shimmering blue altar of Sif Muna.
  9829 | D:9      | Reached skill level 5 in Translocations
 10242 | D:9      | Noticed a two-headed ogre
 10254 | D:9      | Killed a two-headed ogre
 10649 | D:9      | Offered knowledge of Freeze by Vehumet.
 10673 | D:9      | Reached ** piety under Vehumet
 10731 | D:9      | Got a fabulously ornate robe
 10742 | D:9      | Identified the +0 robe "Xoatrun" {rCorr} (You found it on
                  | level 9 of the Dungeon)
 10794 | D:9      | Reached skill level 13 in Spellcasting
 11502 | D:9      | Found a white marble altar of Elyvilon.
 11684 | D:10     | Entered Level 10 of the Dungeon
 12071 | D:10     | Noticed a two-headed ogre
 12143 | D:10     | Offered knowledge of Frozen Ramparts by Vehumet.
 12163 | D:10     | Reached XP level 11. HP: 54/54 MP: 13/30
 12391 | D:10     | Noticed a two-headed ogre
 12399 | D:10     | Killed a two-headed ogre
 12510 | D:10     | Reached *** piety under Vehumet
 12662 | D:10     | Reached skill level 14 in Spellcasting
 12977 | D:10     | Offered knowledge of Hailstorm by Vehumet.
 13189 | D:10     | Found a staircase to the Orcish Mines.
 13471 | D:10     | Noticed a two-headed ogre
 13476 | D:10     | Killed a two-headed ogre
 13498 | D:10     | Noticed a two-headed ogre
 13503 | D:10     | Killed a two-headed ogre
 13813 | D:10     | Found Roapp's General Store.
 13821 | D:10     | Bought a scroll of teleportation for 42 gold pieces
 13821 | D:10     | Bought a scroll of magic mapping for 49 gold pieces
 14040 | D:11     | Noticed a green ugly thing
 14269 | D:11     | Reached **** piety under Vehumet
 14488 | D:11     | Killed an unseen horror
 14740 | D:11     | Reached skill level 15 in Spellcasting
 15161 | D:11     | Offered knowledge of Conjure Flame by Vehumet.
 15166 | D:11     | Learned a level 3 spell: Conjure Flame
 15169 | D:11     | Learned a level 2 spell: Swiftness
 15175 | D:11     | Learned a level 5 spell: Lightning Bolt
 15471 | D:11     | Reached XP level 12. HP: 59/59 MP: 23/33
 15477 | D:11     | Reached skill level 1 in Charms
 16026 | D:10     | Killed a two-headed ogre
 16026 | D:10     | Reached skill level 1 in Fire Magic
 16026 | D:10     | Reached skill level 1 in Air Magic
 16347 | Lair:1   | Entered Level 1 of the Lair of Beasts
 16350 | Lair:1   | Found a transporter.
 16745 | Lair:1   | Found a one-way gate to the infinite horrors of the Abyss.
 16745 | Lair:1   | Noticed funkygono's ghost (novice GrEE)
 16745 | Lair:1   | Noticed a hell hog
 17015 | Lair:1   | Identified the cursed +1 trident of Superiority {distort,
                  | rPois Str+4 Int+2}
 17018 | Lair:1   | Found a transporter.
 17595 | Lair:2   | Reached skill level 16 in Spellcasting
 17750 | Lair:2   | Noticed Gastronok
 17792 | Lair:2   | Killed Gastronok
 18078 | Lair:2   | Found a staircase to the Swamp.
 18337 | Lair:3   | Reached skill level 5 in Charms
 18526 | Lair:3   | You fall into a shaft and drop 3 floors!
 18526 | Lair:6   | Entered Level 6 of the Lair of Beasts
 18623 | Lair:6   | Noticed an eight-headed hydra
 19208 | Lair:6   | Reached XP level 13. HP: 31/63 MP: 35/35
 19800 | Lair:5   | Found a gate leading to a gauntlet.
 19836 | Gauntlet | Entered a Gauntlet
 19836 | Gauntlet | Found a transporter.
 19847 | Gauntlet | Found a transporter.
 19850 | Gauntlet | Found a transporter.
 19862 | Gauntlet | Found a transporter.
 19864 | Gauntlet | Found a transporter.
 19954 | Gauntlet | Found a transporter.
 20034 | Gauntlet | Found a transporter.
 20036 | Gauntlet | Reached skill level 17 in Spellcasting
 20036 | Gauntlet | Reached skill level 15 in Conjurations
 20264 | Gauntlet | Got a pair of heavily runed boots
 20270 | Gauntlet | Identified the +3 pair of boots of Shielding {+Inv rN+}
                  | (You found it in a Gauntlet)
 20342 | Gauntlet | Identified the cursed +1 war axe "Qulosk" {antimagic, rC+}
 20342 | Gauntlet | Identified the ring "Cioces" {rC+ rN++ Str+7 Stlth-}
 20342 | Gauntlet | Noticed a minotaur
 20354 | Gauntlet | Killed a minotaur
 20466 | Gauntlet | Identified the Compendium of the Oath
 20472 | Gauntlet | Got a vibrating glass ring
 20473 | Gauntlet | Got a fading hat
 20477 | Gauntlet | Identified the ring of Eggozi Taosy {rN+ MR+} (You found it
                  | in a Gauntlet)
 20483 | Gauntlet | Identified the +0 hat "Xaavemoc" {+Inv} (You found it in a
                  | Gauntlet)
 21064 | Lair:4   | Reached skill level 5 in Fire Magic
 21333 | Lair:3   | Reached ***** piety under Vehumet
 21334 | Lair:3   | Offered knowledge of Conjure Ball Lightning by Vehumet.
 21377 | Lair:3   | Learned a level 6 spell: Conjure Ball Lightning
 21560 | Lair:3   | Found a white marble altar of Elyvilon.
 22507 | Lair:4   | Reached skill level 5 in Air Magic
 22952 | Lair:4   | Found a hole to the Spider Nest.
 25101 | Lair:6   | Reached XP level 14. HP: 46/68 MP: 37/37
 25340 | Lair:6   | Reached skill level 18 in Spellcasting
 25531 | Lair:6   | Found a runed translucent door.
 26056 | Lair:6   | Found a staircase to the Slime Pits.
 27024 | Orc:1    | Entered Level 1 of the Orcish Mines
 27024 | Orc:1    | Noticed Snorg
 27029 | Orc:1    | Killed Snorg
 27400 | Orc:1    | Found a runed translucent door.
 27438 | Orc:1    | Found a runed translucent door.
 27445 | Orc:1    | Found the +10 tower shield of Ignorance {rN+ Int-4}
 27604 | Orc:1    | Noticed an orc warlord
 28036 | Orc:2    | Entered Level 2 of the Orcish Mines
 29633 | Orc:2    | Killed by an exploding ball lightning

Illustrated notes

Levels and vault maps discovered:
D:1:      minmay_arrival_up_and_down, layout_basic
D:2:      layout_basic, old_standard_altar
D:3:      layout_basic, first_ration, hex_tiny, amethyst_killhole
D:4:      layout_basic, lemuel_doored_altar, serial_shops,
          nicolae_shop_window_shopping
D:5:      layout_basic
D:6:      layout_loops_ring, slow_altar_2, fedhas_altar_1, serial_shops,
          kennysheep_little_box, grunt_ministairs_14, kennysheep_path_1,
          corexii_corridor_pit, uniq_maggie
D:7:      layout_loops_ring, kennysheep_mini, nicolae_overflow_hidden_temple,
          xom_butterflies, minmay_temple_entry_gardened_gates, serial_shops,
          nicolae_shop_competitors_out_of_business
D:8:      layout_basic, marbit_many_paths, grunt_temple_overflow_cloverleaf,
          erik_lair_dragon, serial_shops, shop
D:9:      layout_basic, kennysheep_mini_moat, serial_corexii_hall,
          chequers_hall_statues_wall_a, chequers_hall_statues_y,
          chequers_hall_statues_corner_a, chequers_hall_statues_y,
          david_nohive_1
D:10:     wad_cavern_with_rooms, layout_rooms, erik_orc_1, serial_shops,
          nicolae_shop_statue_plus, small_statue_alley_a,
          minmay_splitting_lines, nooodl_food_tri
D:11:     layout_roguey
Temple:   jpeg_temple_island
Lair:1:   layout_misc_corridors, gammafunk_ghost_abyssal_escape,
          infiniplex_staircase_pool_2
Lair:2:   layout_misc_corridors, skrybe_swamp_entry_bodies, uniq_gastronok
Lair:3:   wad_woods_04, layout_cellular_growth, basic_altar,
          serial_bayou_shore_b, infiniplex_staircase_pool
Lair:4:   layout_big_grid, nicolae_spider_entry_orb_guardian
Lair:5:   layout_layer_cave, gauntlet_entry_generic, eino_house_with_fridge
Lair:6:   wormcave, layout_hall_layers, guppyfry_lair_end_dragon,
          dpeg_slime_entry_corner, serial_bayou_shore_b, grunt_megastairs_5
Orc:1:    layout_caves, chequers_guarded_unrand_ignorance, uniq_snorg
Orc:2:    st_orc_rangers, layout_diamond_mine

Skill      XL: |  1  2  3  4  5  6  7  8  9 10 11 12 13 14 |
---------------+-------------------------------------------+-----
Spellcasting   | 4 6 7 9 10 12 13 15 16 17 18 | 18.5
Conjurations   | 5 6 7 8 9 10 12 13 14 15 16 | 16.3
Hexes          | 3 5 7 9 |  9.0
Translocations | 3 4 6 |  6.0
Charms         | 5 8 9 |  9.4
Fire Magic     | 4 6 7 |  7.2
Air Magic      | 3 5 6 |  6.5
Dodging        | |  2.4
Stealth        | |  2.4

Action                   |  1- 3 |  4- 6 |  7- 9 | 10-12 | 13-15 || total
-------------------------+-------+-------+-------+-------+-------++-------
Melee: War axe           |       |       |     6 |     3 |       ||     9
       Unarmed           |       |       |     1 |       |       ||     1
       Staff             |       |       |       |     2 |       ||     2
 Cast: Magic Dart        |   110 |    34 |   114 |   205 |    69 ||   532
       Searing Ray       |       |    14 |    46 |   119 |    62 ||   241
       Fulminant Prism   |       |       |    11 |    53 |    36 ||   100
       Iskenderun's Myst |       |       |       |    61 |    35 ||    96
       Lightning Bolt    |       |       |       |     3 |    31 ||    34
       Conjure Ball Ligh |       |       |       |       |    53 ||    53
       Swiftness         |       |       |       |       |     4 ||     4
Evoke: Wand              |       |       |       |       |     3 ||     3
  Use: Scroll            |       |     5 |     4 |    20 |     7 ||    36
       Potion            |       |       |       |     4 |     1 ||     5
 Stab: Sleeping          |       |       |       |     1 |       ||     1
  Eat: Chunk             |     5 |     6 |     6 |    21 |    21 ||    59
       Ration            |       |       |     2 |     3 |     4 ||     9
Armor: Robe              |     3 |       |     5 |    15 |    21 ||    44
       Leather armour    |       |       |       |     4 |     1 ||     5
Dodge: Dodged            |     7 |     5 |    34 |    96 |    71 ||   213
